 Dungeon Crawl Stone Soup version 0.29-a0-234-g0dae59b3db (webtiles) character file.

Game seed: 10935041517916271493

265 HotDog the Covered (level 6, -1/38 HPs)
             Began as a Gargoyle Fighter on Mar 2, 2022.
             Slain by an orc warrior
             ... wielding a +0 halberd
              (2 damage)
             ... on level 5 of the Dungeon.
             The game lasted 00:06:59 (5236 turns).

HotDog the Covered (Gargoyle Fighter)               Turns: 5236, Time: 00:07:00

Health: -1/38      AC: 12    Str: 21    XL:     6   Next: 20%
Magic:  6/6        EV:  9    Int:  9    God:
Gold:   887        SH:  4    Dex:  9    Spells: 5/5 levels left

rFire   . . .      SeeInvis .   a - +0 flail (vorpal)
rCold   . . .      Faith    .   c - +0 buckler
rNeg    + . .      Spirit   .   b - +0 scale mail
rPois   ∞          Reflect  .   (no helmet)
rElec   +          Harm     .   (no cloak)
rCorr   .          Rampage  .   (no gloves)
Will    .....                   i - +0 pair of boots
Stlth   ..........              (no amulet)
HPRegen 0.12/turn               (no ring)
MPRegen 0.10/turn               (no ring)

@: no status effects
A: sickness immunity, AC +4, negative energy resistance 1, electricity
resistance, torment resistance 1, petrification resistance
a: no special abilities


You were on level 5 of the Dungeon.
You visited 1 branch of the dungeon, and saw 5 of its levels.

You collected 1233 gold pieces.
You spent 346 gold pieces at shops.

Inventory:

Hand Weapons
 a - a +0 vorpal flail (weapon)
Missiles
 g - a throwing net (quivered)
Armour
 b - a +0 scale mail (worn)
 c - a +0 buckler (worn)
 i - a +0 pair of boots (worn)
Jewellery
 j - a ring of resist corrosion
 m - a ring of ice
Scrolls
 e - 2 scrolls of vulnerability
 n - a scroll of magic mapping
 q - 2 scrolls of blinking
Potions
 d - 3 potions of might
 f - 2 potions of heal wounds
 h - a potion of resistance {unknown}
 k - 4 potions of curing
 l - a potion of mutation
 o - a potion of attraction {unknown}
 p - a potion of lignification


   Skills:
 * Level 4.0 Fighting
 * Level 3.7 Maces & Flails
 * Level 5.0 Armour
 * Level 1.3 Dodging
 * Level 4.0 Shields


You had 5 spell levels left.
You didn't know any spells.
Your spell library contained the following spells:

 Spells                   Type           Power      Damage    Failure   Level
 Magic Dart               Conj           0%         1d3       80%         1
 Ensorcelled Hibernation  Hex/Ice        0%         N/A       91%         2
 Passwall                 Tmut/Erth      0%         N/A       91%         2
 Searing Ray              Conj           0%         2d4       91%         2
 Swiftness                Air            0%         N/A       99%         3
 Fulminant Prism          Conj/Hex       0%         3d6       100%        4
 Summon Lightning Spire   Summ/Air       0%         N/A       100%        4
 Storm Form               Tmut/Air       0%         N/A       100%        7
 Maxwell's Capacitive Co  Air            0%         ∞         100%        8


Dungeon Overview and Level Annotations

Branches:
Dungeon (5/15)
 Temple: D:4-7

Altars:
Dithmenos
Trog

Shops:
D:4 ?!(

Annotations:
D:5 Edmund


Innate Abilities, Weirdness & Mutations

You are immune to sickness and miasma.
Your stone body is resilient. (AC +4)
You are immune to poison.
You resist negative energy. (rN+)
You are resistant to electric shocks. (rElec)
You are resistant to unholy torment.
You are immune to petrification.


Message History

There is an open door here.
Found 22 stones.
Edmund and an ice beast come into view.
Edmund is wielding a +2 flail of draining.
Edmund shouts!
You hear an angry hiss.
An iguana comes into view.
The ice beast moves out of view.
There is an open door here.
There's nothing to close nearby.
Edmund is nearby!
You open the door.
There is an open door here.
You see here a +0 mace.
The iguana barely misses you.
There is an open door here.
Edmund hits you with a +2 flail of draining.
The iguana bites you but does no damage.
Edmund says, "What use are spells, anyway?"
You open the door.
The iguana bites you but does no damage.
Edmund hits you with a +2 flail of draining.
A scorpion comes into view.
There is an open door here.
You open the door.
The iguana bites you but does no damage.
The scorpion barely misses you. You block the iguana's attack.
There is an open door here.
Edmund says, "People think my brother is the best.
I think he's crazy."
Found 25 gold pieces and a runed dagger.
You open the door. The iguana bites you!
There is an open door here.
The iguana bites you but does no damage.
An orc warrior opens the door.
Edmund hits you but does no damage.
Edmund mutters, "Who needs spells, anyway?"
The orc warrior hits you from afar with a +0 halberd.
The orc warrior hits you with a +0 halberd!!
* * * LOW HITPOINT WARNING * * *
The orc warrior hits you from afar with a +0 halberd.
You die...

#.......#...@......#
#.......#..........# .....
#.......'........$.# ....
#..._...#..........# ....
#...8..###..###..#######..# #+#
##'.._...#######..###..##..##..##
..................#..............
)..#....#.........#..............
...#....#.......@.o..............
...#....#.......l.#..>...........
##.###'###'####@s.####'##.##...##
#####..###<..##...####.##.##...##
#......'.....#......#............
#......#.....#......#............
#......#.....'......#............
##..##.####..###...###..####..###
#.. #.# #..# #######..# #..#


You could see Edmund, an orc warrior, a scorpion and an iguana.

Vanquished Creatures
  A phantom (D:4)
  A hound (D:4)
  An orc priest (D:4)
  2 orc wizards
  2 adders (D:2)
  4 dart slugs
  7 orcs
  2 endoplasms (D:2)
  2 giant cockroaches (D:1)
  3 goblins
  7 hobgoblins
  2 quokkas
  2 ball pythons
  3 bats
  7 kobolds
  2 rats (D:2)
48 creatures vanquished.

Notes
Turn   | Place    | Note
-------+----------+-------------------------------------------
     0 | D:1      | HotDog the Gargoyle Fighter began the quest for the Orb.
     0 | D:1      | Reached XP level 1. HP: 14/14 MP: 1/1
   265 | D:1      | Reached XP level 2. HP: 19/19 MP: 2/2
   266 | D:1      | Found a faded altar of an unknown god.
   604 | D:2      | Reached XP level 3. HP: 20/23 MP: 3/3
   952 | D:2      | Reached skill level 4 in Armour
   983 | D:2      | Reached XP level 4. HP: 23/29 MP: 4/4
  2697 | D:3      | You fall into a shaft and drop 2 floors!
  2697 | D:5      | Entered Level 5 of the Dungeon
  2725 | D:4      | Reached skill level 1 in Dodging
  2725 | D:4      | Reached XP level 5. HP: 19/33 MP: 5/5
  2907 | D:4      | Identified the +0 cloak of the Eight Boll Weevils {Rampage
                  | rF+ Int+4 Dex-4}
  3023 | D:4      | Identified a scroll of acquirement
  3023 | D:4      | Acquired 1067 gold pieces
  3025 | D:4      | Found Fereekk's Weapon Emporium.
  3083 | D:4      | Found Animiu Wonet's Distillery.
  3088 | D:4      | Bought a potion of heal wounds for 60 gold pieces
  3088 | D:4      | Bought a potion of curing for 36 gold pieces
  3088 | D:4      | Bought a potion of heal wounds for 60 gold pieces
  3088 | D:4      | Bought a potion of might for 48 gold pieces
  3219 | D:4      | Found Jilo's Magic Scroll Shoppe.
  3223 | D:4      | Bought a scroll of magic mapping for 38 gold pieces
  3223 | D:4      | Bought a scroll of blinking for 82 gold pieces
  3223 | D:4      | Bought a scroll of identify for 22 gold pieces
  3546 | D:4      | Noticed a phantom
  3571 | D:4      | Killed a phantom
  3960 | D:5      | Noticed an orc warrior
  3976 | D:4      | Reached XP level 6. HP: 30/38 MP: 6/6
  4558 | D:4      | Reached skill level 5 in Armour
  5177 | D:5      | Found a shadowy altar of Dithmenos.
  5179 | D:5      | Found a bloodstained altar of Trog.
  5193 | D:5      | Noticed Edmund
  5193 | D:5      | Noticed an ice beast
  5235 | D:5      | HP: 1/38 [orc warrior/+0 halberd (18)]
  5236 | D:5      | Slain by an orc warrior

Illustrated notes

Levels and vault maps discovered:
D:1:      wander_arrival_estate, layout_rooms, ebering_ecumenical_altar_webs
D:2:      layout_basic, minmay_indecisive_spiral
D:3:      layout_rooms, grunt_qazlal_sundering, serial_shops, shop_coins,
          uniq_natasha, uniq_ijyb
D:4:      layout_basic, serial_shops, shop_fountains, nicolae_stop_n_shop_2,
          nicolae_shop_advertising_works [nicolae_subvault_shop_adworks],
          grunt_ministairs_15
D:5:      layout_gridville, chequers_temple_overflow_statue_of_worship,
          uniq_edmund

Skill      XL: |  1  2  3  4  5  6 |
---------------+-------------------+-----
Armour         | 4 5 |  5.0
Maces & Flails | 3 |  3.7
Dodging        | 1 |  1.3
Fighting       | 4 |  4.0
Shields        | 4 |  4.0

Action                   |  1- 3 |  4- 6 || total
-------------------------+-------+-------++-------
Melee: Flail             |   118 |    89 ||   207
  Use: Scroll            |     1 |     6 ||     7
       Potion            |     1 |       ||     1
Armor: Scale mail        |    68 |    51 ||   119
Dodge: Dodged            |    53 |    44 ||    97
Block: Buckler           |    19 |    14 ||    33

Table legend: (Time is in decaauts)
 A = Elapsed time spent in this place.
 B = Non-inter-level travel time spent in this place.
 C = Inter-level travel time spent in this place.
 D = Time resting spent in this place.
 E = Time spent auto-exploring this place.
 F = Levels seen in this place.
 G = Mean time per level.
                   A        B        C        D        E       F      G
               +--------+--------+--------+--------+--------+-----+--------+
         Total |   5302 |   5070 |    232 |   2430 |   2012 |   5 | 1060.4 |
       Dungeon |   5302 |   5070 |    232 |   2430 |   2012 |   5 | 1060.4 |
               +--------+--------+--------+--------+--------+-----+--------+

Top non-repeatable levels by time:
     D:4: 2421 daAuts
     D:2: 2170 daAuts
     D:1: 518 daAuts
     D:5: 140 daAuts
     D:3: 51 daAuts
